 Dungeon Crawl Stone Soup version 0.28-a0-1506-g3893175d92 (webtiles) character file.

Game seed: 5701847534419628295

2327 HallandMoats the Knight (level 9, -2/69 HPs)
             Began as a Demonspawn Fighter on Jan 14, 2022.
             Was a Priest of Okawaru.
             Slain by an orc warrior (14 damage)
             ... on level 6 of the Dungeon.
             The game lasted 00:08:27 (7883 turns).

HallandMoats the Knight (Demonspawn Fighter)        Turns: 7883, Time: 00:08:27

Health: -2/69      AC: 13    Str: 21    XL:     9   Next: 19%
Magic:  12/13      EV: 10    Int: 10    God:    Okawaru [***...]
Gold:   211        SH:  6    Dex: 12    Spells: 8/8 levels left

rFire   . . .      SeeInvis .   a - +4 hand axe
rCold   + . .      Faith    .   c - +0 buckler
rNeg    . . .      Spirit   .   D - +1 chain mail {rC+}
rPois   .          Reflect  .   (no helmet)
rElec   .          Harm     .   d - +0 cloak
rCorr   .          Rampage  .   (no gloves)
Will    .....                   (no boots)
Stlth   ..........              (no amulet)
HPRegen 0.21/turn               B - +4 ring of slaying
MPRegen 0.13/turn               (no ring)

@: heroic
A: claws 2, powered by pain 1, condensation shield
a: Renounce Religion, Heroism


You were on level 6 of the Dungeon.
You worshipped Okawaru.
Okawaru was most pleased with you.
You visited 2 branches of the dungeon, and saw 8 of its levels.

You collected 211 gold pieces.

Inventory:

Hand Weapons
 a - a +4 hand axe (weapon)
Armour
 c - a +0 buckler (worn)
 d - a +0 cloak (worn)
 D - a +1 chain mail of cold resistance (worn)
Jewellery
 B - a +4 ring of slaying (left claw)
 C - a ring of fire
Scrolls
 e - a scroll of silence {unknown}
 g - a scroll of torment {unknown}
 j - a scroll of vulnerability {unknown}
 k - a scroll of fear {unknown}
 q - 3 scrolls of brand weapon {unknown}
 r - 2 scrolls of teleportation {unknown}
 t - 2 scrolls of identify {unknown}
 u - a scroll of immolation {unknown}
 v - a scroll of magic mapping {unknown}
 w - 2 scrolls of fog {unknown}
 y - a scroll of enchant armour {unknown}
 z - 2 scrolls of enchant weapon {unknown}
 A - a scroll of amnesia {unknown}
 E - a scroll of noise {unknown}
Potions
 b - a potion of degeneration {unknown}
 f - 2 potions of resistance {unknown}
 h - 2 potions of curing
 i - a potion of magic {unknown}
 l - 2 potions of attraction {unknown}
 m - 2 potions of flight
 n - a potion of ambrosia {unknown}
 o - a potion of berserk rage {unknown}
 p - 3 potions of heal wounds {unknown}
 s - 2 potions of cancellation {unknown}


   Skills:
 * Level 6.3(11.3) Fighting
 * Level 5.1(10.1) Axes
 + Level 4.6(9.6) Armour
 + Level 3.3(8.3) Dodging
 * Level 5.8(10.8) Shields
 - Level 1.2(6.2) Unarmed Combat
 * Level 6.3 Invocations


You had 8 spell levels left.
You didn't know any spells.
Your spell library contained the following spells:

 Spells                   Type           Power      Damage    Failure   Level
 Eringya's Noxious Bog    Tmut/Pois      0%         N/A       100%        6
 Summon Forest            Summ/Tloc      Unusable   N/A       N/A         5
 Summon Hydra             Summ           Unusable   N/A       N/A         7

Dungeon Overview and Level Annotations

Branches:
Dungeon (7/15)             Temple (1/1) D:4

Altars:
Ashenzari
Cheibriados
Dithmenos
Elyvilon
Fedhas
Gozag
Hepliaklqana
Kikubaaqudgha
Makhleb
Nemelex Xobeh
Okawaru
Sif Muna
Trog
Uskayaw
Vehumet
Xom
Zin
The Shining One

Shops:
D:4 :   D:6 *


Innate Abilities, Weirdness & Mutations

You have very sharp fingernails.
You sometimes gain a little power by taking damage.
A meltable shield of frost defends you. (SH +0)


Message History

The magic dart hits you but does no damage.
The orc warrior barely misses you. Something hits you.
You gain the combat prowess of a mighty hero.
The orc warrior hits you but does no damage.
You hear some strange, mumbled words.
You are confused.
Something hits you but does no damage.
Things that are here:
a +2 dagger of flaming; a +0 robe You bump into the rock wall.
An orc priest comes into view. It is wielding a +0 hand axe.
The orc warrior hits you with a +0 scimitar.
Something hits you but does no damage.
You slash the orc warrior!
The orc warrior is severely wounded.
You hit something.
The orc warrior hits you with a +0 scimitar!
* * * LOW HITPOINT WARNING * * *
Unknown command.
You hit the orc warrior.
The orc warrior is almost dead.
You closely miss something. Something hits you but does no damage.
You slash something!
You hit the orc warrior but do no damage.
The orc warrior hits you with a +0 scimitar!
* * * LOW HITPOINT WARNING * * *
Something hits you but does no damage.
You hit the orc warrior but do no damage.
The orc warrior is almost dead.
You hit something. Okawaru accepts your kill.
Reactivating autopickup.
You feel a bit more experienced.
You feel less confused.
The orc priest calls upon Beogh to heal the orc warrior.
The orc warrior is healed somewhat.
The orc warrior barely misses you.
You hit the orc warrior but do no damage.
The orc warrior is severely wounded.
The orc warrior hits you with a +0 scimitar!
You die...

## .. #. ##.
### .. ..# ..
#. #.# .
#.####.###.####
..
#.....)o......#
.#
#######@#..##.#
. #.#..##.# # #
#.#...#.#
####.#
#.#.#.#.# #...
#.#.#.#.# #.# #
#.......#
>.##.#
#####.###
.....# #.#
.<#### #####.#


You could see an orc warrior.

Vanquished Creatures
  Pikel (D:6)
  Prince Ribbit (D:5)
  Menkaure (D:5)
  A black bear (D:6)
  A centaur (D:6)
  2 lemures (D:6)
  An ogre (D:6)
  3 phantoms
  A kobold brigand (D:4)
  A gnoll sergeant (D:6)
  2 wyvern skeletons
  8 wights
  Crazy Yiuf (D:2)
  A hound (D:5)
  An orc priest (D:6)
  2 centaur skeletons
  2 iguanas (D:6)
  Terence (D:2)
  3 orc wizards
  A howler monkey skeleton (D:6)
  6 gnolls
  9 adders
  A shadow imp (D:6)
  A white imp (D:5)
  A worm (D:5)
  2 dart slugs
  9 orcs
  8 ball pythons
  8 endoplasms
  3 giant cockroaches
  7 goblins
  5 hobgoblins
  2 jackals (D:1)
  4 quokkas
  7 bats
  4 frilled lizards
  9 kobolds
  6 rats
  A bush (D:4)
128 creatures vanquished.

Vanquished Creatures (others)
  4 plants (D:4)
4 creatures vanquished.

Grand Total: 132 creatures vanquished

Notes
Turn   | Place    | Note
-------+----------+-------------------------------------------
     0 | D:1      | HallandMoats the Demonspawn Fighter began the quest for the
                  | Orb.
     0 | D:1      | Reached XP level 1. HP: 18/18 MP: 1/1
    84 | D:1      | Gained mutation: You have sharp fingernails. [demonic
                  | ancestry]
    84 | D:1      | Reached XP level 2. HP: 23/24 MP: 2/2
  1018 | D:2      | Reached XP level 3. HP: 28/29 MP: 3/3
  1215 | D:2      | Noticed Terence
  1233 | D:2      | Killed Terence
  1234 | D:2      | Reached skill level 1 in Unarmed Combat
  1692 | D:2      | Found a runed translucent door.
  1693 | D:2      | Noticed Crazy Yiuf
  1889 | D:2      | Killed Crazy Yiuf
  1890 | D:2      | Reached skill level 1 in Dodging
  1890 | D:2      | Gained mutation: A meltable shield of frost defends you.
                  | (SH +0) [demonic ancestry]
  1890 | D:2      | Reached XP level 4. HP: 27/36 MP: 4/4
  2350 | D:3      | Gained mutation: You have very sharp fingernails. [demonic
                  | ancestry]
  2350 | D:3      | Reached XP level 5. HP: 42/42 MP: 5/5
  2583 | D:4      | Found a staircase to the Ecumenical Temple.
  2633 | Temple   | Entered the Ecumenical Temple
  2754 | Temple   | Became a worshipper of Warmaster Okawaru
  2951 | D:4      | Noticed a phantom
  2968 | D:4      | Killed a phantom
  2969 | D:4      | Reached skill level 1 in Invocations
  3036 | D:4      | Reached XP level 6. HP: 25/48 MP: 7/7
  3639 | D:4      | Found Xuvve's Book Shoppe.
  3943 | D:5      | Entered Level 5 of the Dungeon
  4100 | D:5      | Noticed Menkaure
  4109 | D:5      | Killed Menkaure
  4109 | D:5      | Reached * piety under Okawaru
  4110 | D:5      | Reached XP level 7. HP: 30/55 MP: 7/9
  4481 | D:5      | Noticed Prince Ribbit
  4501 | D:5      | Killed Prince Ribbit
  5627 | D:5      | Reached skill level 5 in Fighting
  5791 | D:6      | Gained mutation: You sometimes gain a little power by
                  | taking damage. [demonic ancestry]
  5791 | D:6      | Reached XP level 8. HP: 54/62 MP: 11/11
  5807 | D:6      | Reached ** piety under Okawaru
  6191 | D:6      | Found an ancient bone altar of Kikubaaqudgha.
  6205 | D:6      | Reached skill level 5 in Shields
  6424 | D:6      | Found a hide-covered altar of Uskayaw.
  6476 | D:6      | Found Ibleukio's Assorted Antiques.
  6550 | D:6      | Reached skill level 5 in Invocations
  7431 | D:6      | Noticed Pikel
  7455 | D:6      | Killed Pikel
  7455 | D:6      | Reached *** piety under Okawaru
  7456 | D:6      | Reached skill level 5 in Axes
  7456 | D:6      | Reached XP level 9. HP: 14/69 MP: 13/13
  7883 | D:6      | Slain by an orc warrior

Illustrated notes

Levels and vault maps discovered:
D:1:      dpeg_arrival_rhombus, layout_basic, serial_bayou_crossing
D:2:      layout_loops_cross, uniq_terence, uniq_crazy_yiuf_cottage
D:3:      layout_basic
D:4:      minmay_evil_eye, layout_loops_ring, minmay_temple_entry_trees,
          serial_shops, shop, lexackson_kobold_supper
D:5:      layout_layer_cave, minmay_misc_feat_square, uniq_menkaure,
          uniq_prince_ribbit1
D:6:      layout_loops_cross, lemuel_doored_altar, grunt_temple_overflow_open,
          lemuel_mausoleum_altar_yredelemnul, serial_shops,
          nicolae_lakefront_shop, uniq_pikel
D:7:      kennysheep_big_flooded_room, layout_basic, serial_glass,
          glass_columns_a, glass_columns_b
Temple:   jpeg_temple_clearing

Skill      XL: |  1  2  3  4  5  6  7  8 |
---------------+-------------------------+-----
Axes           | 2 3 5 |  5.1
Shields        | 3 4 5 |  5.8
Unarmed Combat | 1 |  1.2
Armour         | 3 4 |  4.6
Dodging        | 1 2 3 |  3.3
Fighting       | 4 5 6 |  6.3
Invocations    | 1 2 4 6 |  6.3

Action                   |  1- 3 |  4- 6 |  7- 9 || total
-------------------------+-------+-------+-------++-------
Melee: War axe           |    17 |       |       ||    17
       Unarmed           |    65 |       |       ||    65
       Hand axe          |    14 |   200 |   179 ||   393
Throw: Throwing net      |       |       |     2 ||     2
Invok: Heroism           |       |       |     1 ||     1
  Use: Potion            |     1 |       |     3 ||     4
Armor: Scale mail        |    41 |    54 |    10 ||   105
       Chain mail        |       |       |    66 ||    66
Dodge: Dodged            |    41 |    51 |    61 ||   153
Block: Buckler           |    24 |    56 |    76 ||   156

Table legend: (Time is in decaauts)
 A = Elapsed time spent in this place.
 B = Non-inter-level travel time spent in this place.
 C = Inter-level travel time spent in this place.
 D = Time resting spent in this place.
 E = Time spent auto-exploring this place.
 F = Levels seen in this place.
 G = Mean time per level.
                   A        B        C        D        E       F      G
               +--------+--------+--------+--------+--------+-----+--------+
         Total |   7972 |   7661 |    311 |   1145 |   5384 |   8 |  996.5 |
       Dungeon |   7835 |   7565 |    270 |   1145 |   5302 |   7 | 1119.3 |
        Temple |    136 |     95 |     41 |      0 |     82 |   1 |  136.0 |
               +--------+--------+--------+--------+--------+-----+--------+

Top non-repeatable levels by time:
     D:5: 1960 daAuts
     D:6: 1719 daAuts
     D:4: 1357 daAuts
     D:1: 1025 daAuts
     D:2: 995 daAuts
     D:3: 571 daAuts
     D:7: 206 daAuts
  Temple: 136 daAuts
